 Dungeon Crawl Stone Soup version 0.27-a0-1513-g2aaa0cc67b (webtiles) character file.

Game seed: 2298183916003366038

48 Demosthentine the Poker (level 3, -2/28 HPs)
             Began as a Merfolk Gladiator on July 9, 2021.
             Slain by an orc (7 damage)
             ... on level 3 of the Dungeon.
             The game lasted 00:02:22 (1101 turns).

Demosthentine the Poker (Merfolk Gladiator)         Turns: 1101, Time: 00:02:22

Health: -2/28      AC:  4    Str: 15    XL:     3   Next: 72%
Magic:  3/3        EV: 13    Int:  7    God:
Gold:   50         SH:  0    Dex: 15    Spells: 2/2 levels left

rFire    . . .     SeeInvis .   a - +0 trident
rCold    . . .     Faith    .   (no shield)
rNeg     . . .     Spirit   .   b - +0 leather armour
rPois    .         Reflect  .   c - +0 helmet
rElec    .         Harm     .   (no cloak)
rCorr    .         Rampage  .   (no gloves)
Will     .....                  (no boots)
Stlth    +.........             (no amulet)
HPRegen  0.09/turn              (no ring)
MPRegen  0.08/turn              (no ring)

@: no status effects
A: (nimble swimmer 2), mertail
a: no special abilities


You were on level 3 of the Dungeon.
You visited 1 branch of the dungeon, and saw 3 of its levels.

You collected 50 gold pieces.

Inventory:

Hand Weapons
 a - a +0 trident (weapon)
Missiles
 d - 3 throwing nets (quivered)
Armour
 b - a +0 leather armour (worn)
 c - a +0 helmet (worn)
Jewellery
 j - a ring of willpower
Scrolls
 f - a scroll of teleportation
 h - a scroll of blinking
Potions
 g - a potion of cancellation
 k - a potion of haste
 l - a potion of attraction


   Skills:
 + Level 2.9 Fighting
 + Level 5.1 Polearms
 - Level 2.0 Throwing
 + Level 1.0 Armour
 + Level 4.6 Dodging


You had 2 spell levels left.
You didn't know any spells.
Your spell library was empty.

Dungeon Overview and Level Annotations

Branches:
Dungeon (3/15)

Altars:


Innate Abilities, Weirdness & Mutations

((You are quick and stealthy near water. (Stealth+, EV+, Speed+++)))
Your lower body shifts to a powerful aquatic tail in water.


Message History

The orc is severely wounded.
The orc hits you with a +0 mace.
* * * LOW HITPOINT WARNING * * *
You hit the orc but do no damage.
The orc is severely wounded.
The orc barely misses you.
You hit the orc but do no damage.
The orc is severely wounded.
The orc closely misses you.
You barely miss the orc.
The orc is severely wounded.
The orc hits you with a +0 mace.
* * * LOW HITPOINT WARNING * * *
You feel better. The orc closely misses you.
You puncture the orc!
You kill the orc!
The giant cockroach bites you but does no damage.
You hit the giant cockroach.
The giant cockroach is heavily wounded.
The giant cockroach closely misses you.
You hit the giant cockroach.
The giant cockroach is severely wounded.
You hear the slow rusting of a drain very nearby.
The giant cockroach bites you but does no damage.
You hit the giant cockroach.
The giant cockroach is severely wounded.
The giant cockroach bites you.
You barely miss the giant cockroach.
The giant cockroach is severely wounded.
The giant cockroach closely misses you. The giant cockroach barely misses you.
You puncture the giant cockroach!
You kill the giant cockroach!
You hit the orc.
The orc is moderately wounded.
The orc hits you with a +0 flail!
* * * LOW HITPOINT WARNING * * *
You hit the orc but do no damage.
The orc is moderately wounded.
The orc hits you with a +0 flail!
You die...

#.....####.#### .#
#.............. ...
#.............. .#.#
#.............. .....
..............
...##..............
...#.# #.........
####...###.........
#†@oo.............#
#...####...<.#.....##
#...##
##.#####....... ...#
#.o..#......... .#
#........$..?..
#.....).....#..
#...........#..
#...........# .
#....#......#


You could see 2 orcs.

Vanquished Creatures
  2 adders (D:2)
  3 orcs (D:3)
  2 endoplasms (D:3)
  2 giant cockroaches
  A hobgoblin (D:1)
  4 kobolds
  3 quokkas
  2 ball pythons (D:2)
  3 bats
  A frilled lizard (D:1)
  A goblin (D:1)
  3 rats
27 creatures vanquished.

Notes
Turn   | Place    | Note
-------+----------+-------------------------------------------
     0 | D:1      | Demosthentine the Merfolk Gladiator began the quest for the
                  | Orb.
     0 | D:1      | Reached XP level 1. HP: 16/16 MP: 1/1
   349 | D:1      | Reached XP level 2. HP: 23/23 MP: 2/2
   792 | D:2      | Reached XP level 3. HP: 28/28 MP: 3/3
   935 | D:2      | Found a faded altar of an unknown god.
  1054 | D:3      | Reached skill level 5 in Polearms
  1088 | D:3      | Reached skill level 1 in Armour
  1101 | D:3      | Slain by an orc

Illustrated notes

Levels and vault maps discovered:
D:1:      psy_arrival_whirlpool, layout_basic
D:2:      layout_rooms, shapermc_ecumenical_altar_acropolis
D:3:      minmay_thinvault, layout_rooms, serial_glass, glass_columns_a,
          glass_columns_a, glass_columns_a, glass_columns_c,
          portal_sewer_entry_d, minmay_misc_feat_tower

Skill      XL: |  1  2  3 |
---------------+----------+-----
Polearms       | 5 |  5.1
Armour         | 1 |  1.0
Fighting       | |  2.9
Throwing       | |  2.0
Dodging        | |  4.6

Action                   || total
-------------------------++-------
Melee: Trident           ||    80
  Use: Scroll            ||     7
       Potion            ||     2
 Stab: Sleeping          ||     2
Armor: Leather armour    ||    13
Dodge: Dodged            ||    44

Table legend: (Time is in decaauts)
 A = Elapsed time spent in this place.
 B = Non-inter-level travel time spent in this place.
 C = Inter-level travel time spent in this place.
 D = Time resting spent in this place.
 E = Time spent auto-exploring this place.
 F = Levels seen in this place.
 G = Mean time per level.
                   A        B        C        D        E       F      G
               +--------+--------+--------+--------+--------+-----+--------+
         Total |   1101 |   1070 |     31 |      0 |    885 |   3 |  367.0 |
       Dungeon |   1101 |   1070 |     31 |      0 |    885 |   3 |  367.0 |
               +--------+--------+--------+--------+--------+-----+--------+

Top non-repeatable levels by time:
     D:1: 528 daAuts
     D:2: 518 daAuts
     D:3: 55 daAuts
